 Dungeon Crawl Stone Soup version 0.13.1-22-g086cdba (webtiles) character file.

549 Kae the Insei (level 6, -3/47 HPs)
             Began as a Draconian Transmuter on Dec 31, 2013.
             Slain by an orc wizard
             ... wielding a +2,+2 orcish dagger of venom
              (4 damage)
             ... on Level 4 of the Dungeon.
             The game lasted 00:03:48 (3705 turns).

Kae the Insei (Draconian Transmuter)                Turns: 3705, Time: 00:03:49

HP  -3/47        AC  6     Str 12      XL: 6   Next: 44%
MP   9/9         EV 12     Int 14      God:
Gold 174         SH  0     Dex 13      Spells:  2 memorised,  6 levels left

Res.Fire  : . . .   See Invis. : .     - Unarmed
Res.Cold  : . . .   Warding    : .   (armour unavailable)
Life Prot.: . . .   Conserve   : .   (no shield)
Res.Poison: .       Res.Corr.  : .   (helmet restricted)
Res.Elec. : .       Clarity    : .   (no cloak)
Sust.Abil.: . .     Spirit.Shd : .   (no gloves)
Res.Mut.  : .       Stasis     : .   (no boots)
Res.Rott. : .       Flight     : .   (no amulet)
Saprovore : . . .                    (no ring)
                                     (no ring)

@: appendage (expiring), very poisoned, slightly resistant to hostile
enchantments, unstealthy
A: unfitting armour, horns 2, AC +6
a: End Transformation


You were on level 4 of the Dungeon.
You were hungry.
You had grown temporary horns.
You visited 1 branch of the dungeon, and saw 4 of its levels.

You collected 154 gold pieces.

Inventory:

Missiles
 b - 23 arrows
Comestibles
 a - a bread ration
 f - a pear
 g - a banana
 j - 2 meat rations
Scrolls
 c - 2 scrolls of enchant armour {unknown}
 i - a scroll of identify {unknown}
 m - a scroll of amnesia {unknown}
 n - a scroll of fog {unknown}
 p - a scroll of remove curse {unknown}
Potions
 e - a potion of heal wounds {unknown}
 h - a potion of cure mutation {unknown}
 k - a potion of porridge {unknown}
 l - a potion of curing {unknown}
 o - a potion of restore abilities {unknown}
Books
 d - a book of Changes

   Spells                             Type                      Level
   *Beastly Appendage                 Transmutation                1
   *Sticks to Snakes                  Transmutation                2
   Spider Form                        Transmutation/Poison         3
   Ice Form                           Ice/Transmutation            4
   Blade Hands                        Transmutation                5
 s - a book of Maledictions

   Spells                             Type                      Level
   Corona                             Hexes                        1
   Sure Blade                         Hexes/Charms                 2
   Ensorcelled Hibernation            Hexes/Ice                    2
   Confuse                            Hexes                        3
   Enslavement                        Hexes                        4
   Invisibility                       Hexes                        6


   Skills:
 - Level 1.1 Fighting
 - Level 1.7 Dodging
 * Level 6.2 Unarmed Combat
 - Level 2.0 Spellcasting
 + Level 4.2 Transmutations


You had 6 spell levels left.
You knew the following spells:

 Your Spells              Type           Power        Failure   Level  Hunger
a - Beastly Appendage     Trmt           ##....       4%          1    ##.....
b - Sticks to Snakes      Trmt           ##........   10%         2    ###....


Dungeon Overview and Level Annotations

Branches:
Dungeon (4/27)
 Temple: D:4-7

Altars:
Okawaru
Xom


Innate Abilities, Weirdness & Mutations

Your plain brown scales are hard (AC +6).
Your body does not fit into most forms of armour.
Your cold-blooded metabolism reacts poorly to cold.
You have a pair of horns on your head.


Message History

You hear some strange, mumbled words.
The magic dart hits you!
You miss it.
You feel very sick.
You hit it. You headbutt it.
* * * LOW HITPOINT WARNING * * *
You feel very sick.
You feel a little better.
The orc priest calls down the wrath of Beogh upon you.
Something smites you!
* * * LOW HITPOINT WARNING * * *
It hits you.
* * * LOW HITPOINT WARNING * * *
You are more poisoned.
You miss it.
* * * LOW HITPOINT WARNING * * *
You feel very sick.
The orc priest's eyes start to glow.
It hits you.
You die...

# ##. #.. #..
#.#o #o#.#
#o#.# #.#o#
#@#.# #.#.#
#)#.#
#.#.######.
#.).........
.. ###.######.
...
#.#######....
#.............
#####.....##.


You could see an orc priest and an orc.

Vanquished Creatures
  An ogre (D:3)
  A centaur (D:3)
  An orc priest (D:4)
  An iguana (D:4)
  7 adders
  A worm (D:3)
  A giant mite (D:4)
  4 giant geckos
  3 orcs
  12 hobgoblins
  3 jackals (D:2)
  7 kobolds
  2 quokkas
  A ball python (D:3)
  13 bats
  5 giant cockroaches
  2 giant newts (D:2)
  5 goblins
  9 rats
79 creatures vanquished.

Notes
Turn   | Place    | Note
--------------------------------------------------------------
     0 | D:1      | Kae, the Draconian Transmuter, began the quest for the Orb.
     0 | D:1      | Reached XP level 1. HP: 16/16 MP: 1/1
   298 | D:1      | Reached XP level 2. HP: 23/23 MP: 3/3
   554 | D:1      | Found a shimmering altar of Xom.
   554 | D:1      | Found a shimmering altar of Xom.
   555 | D:1      | Found a shimmering altar of Xom.
   555 | D:1      | Found a shimmering altar of Xom.
   788 | D:2      | Learned a level 2 spell: Sticks to Snakes
   849 | D:2      | Reached XP level 3. HP: 19/28 MP: 4/4
  1170 | D:2      | Reached skill level 4 in Unarmed Combat
  1254 | D:2      | Found an iron altar of Okawaru.
  1460 | D:3      | Reached XP level 4. HP: 22/35 MP: 4/6
  2082 | D:3      | Noticed an ogre
  2091 | D:3      | HP: 1/35 [ogre/great mace (20)]
  2101 | D:3      | Killed an ogre
  2101 | D:3      | Reached skill level 5 in Unarmed Combat
  2101 | D:3      | Reached XP level 5. HP: 2/40 MP: 7/7
  2236 | D:3      | Noticed a centaur
  2248 | D:3      | Killed a centaur
  2248 | D:3      | Reached XP level 6. HP: 8/47 MP: 7/9
  2958 | D:4      | HP: 1/47 [ogre/giant club (24)]
  3319 | D:4      | Reached skill level 6 in Unarmed Combat
  3330 | D:4      | HP: 1/47 [iguana (3)]
  3705 | D:4      | HP: 1/47 [poisoned by an orc wizard]
  3705 | D:4      | Slain by an orc wizard

Action                   |  1- 3 |  4- 6 || total
-------------------------+-------+-------++-------
Melee: Unarmed           |   179 |   161 ||   340
 Cast: Beastly Appendage |     3 |     4 ||     7
 Stab: Sleeping          |     1 |     1 ||     2
